 Dungeon Crawl Stone Soup version 0.32-a0-913-g739538a (webtiles) character file.

Game seed: 3529384698325847715

349594 Draconius the Warrior (level 21, -8/136 HPs)
             Began as a Gargoyle Earth Elementalist on Apr 8, 2024.
             Was an Elder of Jiyva.
             Killed from afar by a storm dragon (9 damage)
             ... with a bolt of lightning
             ... on level 1 of the Realm of Zot.
             The game lasted 03:11:40 (34564 turns).

Draconius the Warrior (GrEE)                       Turns: 34564, Time: 03:11:41

Health: -8/136     AC: 49    Str: 18    XL:     21   Next: 55%
Magic:  9/37       EV: 11    Int: 34    God:    Jiyva [****..]
Gold:   112        SH: 13    Dex: 10    Spells: 6/44 levels left

rFire   + + .        H - +18 lance "Wyrmbane" {slay drac, rPois rF+ rC+ AC+3}
rCold   + + +        c - +1 kite shield {reflect}
rNeg    + + .        O - +0 pearl dragon scales of Fafozay {^Drain rC++ rN+ Int+6}
rPois   ∞            (helmet unavailable)
rElec   +            N - +2 cloak
rCorr   +            m - +2 pair of gloves {Str+3}
SInv    +            I - +3 pair of seven-league boots {Rampage+∞}
Will    ++...        f - amulet of Unorang {Faith rPois rF+ Will+}
Stlth   +            R - ring of wizardry
HPRegen 1.70/turn    S - ring of Wosat {Str+2 Int+2 SInv}
MPRegen 0.89/turn

%: reflection, rampage+∞, faith, wizardry (x1)
@: untranslocatable, immotile, flying, very slightly contaminated, slowed, very
slow
A: sickness immunity, AC +16, big wings, negative energy resistance 1,
electricity resistance, torment resistance 1, petrification resistance, horns 3,
talons 2, wild magic 1, gelatinous body 3, translucent skin 1, evolution 2
}: 3/15 runes: decaying, serpentine, slimy
a: Renounce Religion, Oozemancy, Slimify


You were on level 1 of the Realm of Zot.
You worshipped Jiyva.
Jiyva was greatly pleased with you.
You visited 9 branches of the dungeon, and saw 41 of its levels.
You also visited: Ossuary, Bailey and Ice Cave.

You collected 2735 gold pieces.
You spent 2623 gold pieces at shops.

Inventory:

Hand Weapons
 r - a +1 hand axe of distortion
 H - the +18 lance "Wyrmbane" (weapon) {slay drac, rPois rF+ rC+ AC+3}
   (You took it off Maggie on level 7 of the Dungeon)

   AC+3:      It affects your AC (+3).
   rF+:       It protects you from fire.
   rC+:       It protects you from cold.
   rPois:     It protects you from poison.
Armour
 c - a +1 kite shield of reflection (worn)
 e - a +3 troll leather armour {Snorg}
 m - a +2 pair of gloves of strength (worn)
 u - a +2 hat
 v - the +3 faerie dragon scales {rCorr Int+4}
   (You found it on level 2 of the Depths)

   Int+4:     It affects your intelligence (+4).
   rCorr:     It protects you from acid and corrosion.
 I - the +3 pair of seven-league boots (worn) {Rampage+∞}
   (You found it on level 5 of the Lair of Beasts)

   Rampage+∞: When moving toward enemies, its wearer moves as far as possible,
   alerting their target en route.
 K - a +0 tower shield of reflection
 N - a +2 cloak (worn)
 O - the +0 pearl dragon scales of Fafozay (worn) {^Drain rC++ rN+ Int+6}
   (You took it off a centaur warrior on level 15 of the Dungeon)

   Int+6:     It affects your intelligence (+6).
   rC++:      It greatly protects you from cold.
   rN+:       It protects you from negative energy.
   ^Drain:    It drains your maximum health when unequipped.
 Q - +0 gold dragon scales
Jewellery
 d - the ring of Pasoalosk {rPois rF++ rC+ Str-4}
   (You found it on level 5 of the Pits of Slime)

   [ring of protection from cold]

   Str-4:     It affects your strength (-4).
   rF++:      It greatly protects you from fire.
   rC+:       It protects you from cold.
   rPois:     It protects you from poison.
 f - the amulet of Unorang (around neck) {Faith rPois rF+ Will+}
   (You found it on level 4 of the Swamp)

   [amulet of faith]

   Faith:     It allows you to gain divine favour quickly.
   rF+:       It protects you from fire.
   rPois:     It protects you from poison.
   Will+:     It increases your willpower.
 n - the ring "Juxtonno" {^Drain rPois rCorr Int+5 Stlth+}
   (You found it on level 5 of the Pits of Slime)

   [ring of poison resistance]

   Int+5:     It affects your intelligence (+5).
   rPois:     It protects you from poison.
   rCorr:     It protects you from acid and corrosion.
   ^Drain:    It drains your maximum health when unequipped.
   Stlth+:    It makes you more stealthy.
 y - the amulet "Kyuj" {Regen+ Dex+4}
   (You found it on level 4 of the Lair of Beasts)

   [amulet of regeneration]

   Dex+4:     It affects your dexterity (+4).
   Regen+:    It increases your rate of health regeneration.
 G - the ring of the Morning {rN+ MP+9 Str-5 SInv Stlth+}
   (You found it on level 15 of the Dungeon)

   [ring of positive energy]

   Str-5:     It affects your strength (-5).
   rN+:       It protects you from negative energy.
   MP+9:      It affects your magic capacity (+9).
   SInv:      It lets you see invisible.
   Stlth+:    It makes you more stealthy.
 R - a ring of wizardry (left hand)
 S - the ring of Wosat (right hand) {Str+2 Int+2 SInv}
   (You bought it in a shop on level 4 of the Snake Pit)

   [ring of see invisible]

   Str+2:     It affects your strength (+2).
   Int+2:     It affects your intelligence (+2).
   SInv:      It lets you see invisible.
 X - an amulet of reflection
Wands
 i - a wand of flame (7)
 A - a wand of charming (24)
 B - a wand of mindburst (7)
 M - a wand of quicksilver (11)
 V - a wand of warping (13)
Scrolls
 g - 2 scrolls of butterflies
 k - 5 scrolls of fear
 p - 6 scrolls of amnesia
 q - a scroll of brand weapon {unknown}
 x - 2 scrolls of fog
 E - a scroll of silence {unknown}
 J - 2 scrolls of poison
 P - a scroll of revelation
 T - 13 scrolls of teleportation
 U - 2 scrolls of blinking
 Y - a scroll of enchant armour
Potions
 a - 2 potions of cancellation
 b - a potion of magic
 h - 4 potions of curing
 j - 4 potions of might
 s - 3 potions of invisibility
 t - 5 potions of heal wounds
 w - 8 potions of enlightenment
 z - 2 potions of mutation
 C - 9 potions of brilliance
 D - a potion of degeneration {unknown}
 W - 5 potions of haste
 Z - 2 potions of resistance
Miscellaneous
 l - a Gell's gravitambourine (2/2)
 o - a box of beasts
 F - a tin of tremorstones (2/2)
 L - a phantom mirror


   Skills:
 + Level 16.2 Fighting
 - Level 12.0 Polearms
 - Level 13.0 Armour
 - Level 2.0 Dodging
 - Level 2.1 Stealth
 - Level 14.0 Shields
 + Level 12.4 Spellcasting
 - Level 8.1 Conjurations
 - Level 6.3 Summonings
 - Level 5.0 Necromancy
 * Level 15.6 Translocations
 - Level 10.0 Air Magic
 + Level 12.7 Earth Magic
 - Level 5.0 Alchemy


You had 6 spell levels left.
You knew the following spells:

 Your Spells              Type           Power      Damage    Failure   Level
a - Bombard               Conj/Erth      44%        9d7       12%         6
b - Stone Arrow           Conj/Erth      100%       3d13      1%          3
c - Call Canine Familiar  Summ           70%        N/A       1%          3
e - Swiftness             Air            86%        N/A       1%          3
f - Blink                 Tloc           100%       N/A       1%          2
g - Vhi's Electric Charg  Tloc/Air       100%       N/A       1%          4
h - Iskenderun's Mystic   Conj/Tloc      93%        2d18      (+2d11%     4
i - Mephitic Cloud        Conj/Alch/Air  77%        N/A       1%          3
j - Fugue of the Fallen   Necr           64%        N/A       2%          3
k - Manifold Assault      Tloc           52%        N/A       9%          7

Your spell library contained the following spells:

 Spells                   Type           Power      Damage    Failure   Level
 Magic Dart               Conj           100%       1d8       1%          1
 Sandblast                Erth           100%       2d20      1%          1
 Shock                    Conj/Air       100%       1d9       1%          1
 Summon Small Mammal      Summ           100%       N/A       1%          1
 Lesser Beckoning         Tloc           100%       N/A       1%          2
 Momentum Strike          Conj/Tloc      100%       3d10      1%          2
 Searing Ray              Conj           100%       2d8       1%          2
 Passwall                 Erth           96%        N/A       1%          3
 Volatile Blastmotes      Fire/Tloc      100%       2d18      1%          3
 Airstrike                Air            43%        2d(7-23)  1%          4
 Brom's Barrelling Bould  Conj/Erth      88%        2d10      1%          4
 Leda's Liquefaction      Alch/Erth      41%        N/A       1%          4
 Petrify                  Alch/Erth      82%        N/A       1%          4
 Dimensional Bullseye     Hex/Tloc       38%        N/A       2%          4
 Dazzling Flash           Conj/Hex       100%       N/A       3%          3
 Hailstorm                Conj/Ice       59%        3d11      3%          3
 Fulminant Prism          Conj/Alch      35%        3d18      4%          4
 Martyr's Knell           Necr/Summ      67%        N/A       6%          4
 Iskenderun's Battlesphe  Conj           78%        2d13      6%          5
 Dispel Undead            Necr           64%        3d22      8%          4
 Olgreb's Toxic Radiance  Alch           64%        N/A       8%          4
 Ensorcelled Hibernation  Hex/Ice        54%        N/A       9%          2
 Flame Wave               Conj/Fire      59%        2d14      11%         4
 Summon Blazeheart Golem  Fire/Summ      53%        N/A       14%         4
 Inner Flame              Hex/Fire       27%        N/A       16%         3
 Ozocubu's Armour         Ice            27%        N/A       16%         3
 Sigil of Binding         Hex            27%        N/A       16%         3
 Tukima's Dance           Hex            27%        N/A       16%         3
 Ignite Poison            Fire/Alch      49%        N/A       19%         4
 Sticky Flame             Fire/Alch      49%        2d9       19%         4
 Conjure Ball Lightning   Conj/Air       41%        3x3d13    21%         6
 Fireball                 Conj/Fire      29%        3d13      26%         5
 Summon Mana Viper        Hex/Summ       53%        N/A       34%         5
 Orb of Destruction       Conj           39%        9d11      78%         7
 Summon Hydra             Summ           35%        N/A       94%         7
 Ozocubu's Refrigeration  Ice            13%        4d10      100%        7
 Discord                  Hex            13%        N/A       100%        8
 Ignition                 Fire           13%        3d6       100%        8
 Cigotuvi's Dreadful Rot  Necr/Alch/Air  Unusable   N/A       N/A         2

Dungeon Overview and Level Annotations

Branches:
Dungeon (15/15)            Temple (1/1) D:4            Lair (5/5) D:11
  Swamp (4/4) Lair:2        Snake (4/4) Lair:3        Slime (5/5) Lair:5
    Orc (2/2) D:12            Elf (0/3) Orc:2        Vaults (0/5) D:13
 Depths (4/4) D:15            Zot (1/5) Depths:4    Ossuary (visited)
 Bailey (visited)           IceCv (visited)

Altars:
Ashenzari
Cheibriados
Dithmenos
Elyvilon
Fedhas
Gozag
Hepliaklqana
Kikubaaqudgha
Makhleb
Nemelex Xobeh
Okawaru
Qazlal
Ru
Sif Muna
Trog
Uskayaw
Vehumet
Wu Jian
Xom
Yredelemnul
Zin
The Shining One
Jiyva
Lugonu

Shops:
D:2 !   D:4 [[!*   D:7 (!!!:   D:10 !   Orc:2 *[=(([   Snake:1 =   Snake:3 (*([
Snake:4 =:=   Depths:1 *=[:   Depths:2 *   Depths:3 ([[

Portals:
Hell: Depths:1 Depths:2 Depths:3 Depths:4
Abyss: Depths:1 Depths:2 Depths:3 Depths:4
Pandemonium: Depths:2 Depths:4
Ziggurat: Depths:1
Trove: D:12 (give 5 potions of resistance)

Annotations:
D:5 1 runed translucent door, ksj2083's ghost, novice GnAl
Slime:5 Royal Jelly


Innate Abilities, Weirdness & Mutations

You are immune to sickness and miasma.
Your stone body is resilient. (AC +16)
You are immune to poison.
Your large and strong wings let you fly.
You resist negative energy. (rN+)
You are resistant to electric shocks. (rElec)
You are resistant to unholy torment.
You are immune to petrification.
You have a pair of large horns on your head.
You have razor-sharp toenails.
Your spells are a little harder to cast, but a little more powerful.
Your gelatinous body deflects attacks. (AC +3, EV +3)
Your translucent skin slightly reduces your foes' accuracy. (Stealth+)
You have great hidden genetic potential.


Message History

Unknown command.
Casting: Manifold Assault (dangerous; 9% risk of failure)
Press: ? - help, Q - select action, (/) - cycle Dir - look around, f - activate You miscast Manifold Assault.
You are caught in a field of spatial distortion.
You are magically locked in place.
The death cob hits you but does no damage. x2
The storm dragon breathes lightning at you.
The bolt of lightning misses you. The bolt of lightning hits you. You resist.
The bolt of lightning hits the storm dragon.
The storm dragon completely resists.
You block the death cob's attack. The storm dragon bites you!
The storm dragon claws you but does no damage.
You block the storm dragon's attack. The death cob completely misses you.
The wind drake flaps its wings at you. The air twists around and strikes you!
* * * LOW HITPOINT WARNING * * *
Unknown command.
As you read the scroll of fear, it crumbles to dust.
You assume a fearsome visage.
The death drake looks frightened!
The wind drake looks frightened!
The rime drake looks frightened!
The white draconian stormcaller looks frightened!
The storm dragon resists with some effort.
The death cob is unaffected.
The death cob hits you!
* * * LOW HITPOINT WARNING * * *
The death cob drains your vigour!
You feel as though you will be slow longer.
The death cob hits you!!
* * * LOW HITPOINT WARNING * * *
The death cob drains your vigour!
You feel as though you will be slow longer.
You hear a slurping noise.
The storm dragon bites you but does no damage.
You block the storm dragon's attack.
The storm dragon tramples you but does no damage.
You block the death cob's attack.
The storm dragon breathes lightning at you.
The bolt of lightning misses you. The bolt of lightning hits you! You resist.
You die...
Jiyva sends a jelly to digest your equipment.

......+ #....##'
#.....# #....##.
#.....# #######.
#qkk.># ##....##(
#....J## .........
#..k...+ .........
#....[.# ########.
#..D..## #⌠...##.
#.z@..# #....^..
#.....#######.......
.....#.#.#.#.#.....###
...........=....######
...##..#......^## ##
#......>.......
#..#.......#....
###.............
..#.......#....


You could see a storm dragon (catching breath), a death cob, a white draconian
stormcaller (fleeing), a death drake (summoned, fleeing), a wind drake
(summoned, repels missiles, fleeing), a rime drake (summoned, fleeing) and the
neutral Josephina the acid blob (wandering) (fellow slime).

Vanquished Creatures
  Frederick (Depths:4)
  Mara (Depths:2)
  5 golden dragons
  An electric golem (Zot:1)
  5 tentacled monstrosities
  2 liches
  2 walking earthen tomes
  2 sphinxes
  Frances (D:12)
  Gastronok (Lair:3)
  4 storm dragons
  A tengu reaver (Depths:4)
  A shadow dragon (Depths:4)
  8 fire giants
  4 nagarajas (Snake:4)
  A draconian monk (Zot:1)
  Roxanne (Snake:1)
  An iron dragon (Depths:3)
  7 frost giants
  A juggernaut zombie (Depths:1)
  Louise (Lair:2)
  5 ghouls
  2 reapers (D:14)
  2 draconian stormcallers (Zot:1)
  A draconian annihilator (Depths:4)
  5 spriggan defenders
  6 green draconians
  15 very ugly things
  A vampire knight (Depths:4)
  17 stone giants
  A lorocyproca (Depths:4)
  A deep elf death mage (D:14)
  2 black draconians (Zot:1)
  A deep elf annihilator (D:12)
  Nessos (D:14)
  3 yellow draconians
  A red draconian (Depths:4)
  A spark wasp (Depths:2)
  4 bunyips
  Snorg (D:10)
  11 fire dragons
  6 ettins
  2 jiangshi (Depths:1)
  3 merfolk javelineers (Depths:3)
  A green death (Zot:1)
  3 merfolk impalers (Depths:3)
  A spriggan zombie (Depths:1)
  A deep elf high priest (D:12)
  Erolcha (D:10)
  6 ice dragons
  5 hydras
  3 ogre magi
  2 rakshasas (Depths:3)
  5 catoblepae
  6 centaur warriors
  2 ghost crabs (Swamp:2)
  6 spriggan air magi
  2 two-headed ogres (D:12)
  3 vault guards (D:13)
  9 boulder beetles
  12 anacondas
  8 alligators
  4 deep troll shamans
  6 deep troll earth magi
  8 tengu warriors
  3 vampire magi
  2 orc high priests (Orc:2)
  14 naga sharpshooters
  14 death yaks
  17 naga warriors
  A shock serpent (shapeshifter) (Depths:3)
  7 spriggan berserkers
  7 shock serpents
  3 soul eaters (D:14)
  An occultist (Depths:1)
  7 hell knights (Depths:3)
  A shadow wraith (D:14)
  5 iron trolls
  3 flayed ghosts
  Lodul (D:10)
  2 salamander mystics (Snake:3)
  A deep troll (shapeshifter) (Depths:1)
  2 goliath frogs
  5 sea snakes (Snake:3)
  A deep elf archer (D:13)
  A quicksilver dragon simulacrum (Zot:1)
  9 necromancers
  7 bog bodies
  2 spriggan druids
  9 deep trolls
  10 mana vipers
  A wolf spider zombie (D:14)
  5 naga ritualists
  Pikel (D:4)
  An orange crystal statue (D:15)
  2 thermic dynamos (D:15)
  6 orc knights
  5 deep elf pyromancers
  5 orc sorcerers
  13 salamanders
  31 ugly things
  A stone giant zombie (Depths:1)
  7 manticores
  2 cyclopes
  A moth of wrath (Zot:1)
  2 fauns (shapeshifter)
  33 elephants
  6 centaur zombies (D:14)
  5 spectral centaurs (D:14)
  5 kobold blastminers
  18 black mambas
  7 guardian serpents
  7 spectral spriggans (Swamp:2)
  A stone giant skeleton (Depths:1)
  15 naga magi
  2 smoke demons (Depths:4)
  3 gargoyles
  A storm dragon simulacrum (Zot:1)
  A cane toad (shapeshifter) (D:13)
  18 cane toads
  4 centaur skeletons (D:14)
  A hellion (Depths:2)
  5 unseen horrors
  2 torpor snails
  Maggie (D:7)
  2 large abominations (Zot:1)
  10 komodo dragons
  3 rime drakes
  3 yaktaurs
  2 tormentors (D:14)
  10 freezing wraiths
  An efreet (D:13)
  A tengu conjurer (Depths:1)
  A golden dragon simulacrum (Depths:1)
  7 trolls
  11 hornets
  7 polar bears
  7 tyrant leeches
  A jumping spider (shapeshifter) (Depths:1)
  18 blink frogs
  3 meliai zombies (D:14)
  4 centaur simulacra (D:14)
  A vampire (D:12)
  A ynoxinul (Depths:2)
  13 spriggans
  5 wyverns
  5 wraiths
  63 yaks
  10 vampire mosquitoes
  2 dire elephant simulacra (IceCv)
  3 wargs
  11 water elementals
  A red draconian simulacrum (Zot:1)
  A human (D:13)
  A death yak simulacrum (IceCv)
  2 swamp worm simulacra (Swamp:4)
  3 basilisks
  32 nagas
  12 swamp worms
  An acid dragon (D:9)
  12 water moccasins
  14 hydra simulacra
  A spectral hornet (D:14)
  A moth of wrath simulacrum (Zot:1)
  Edmund (D:4)
  21 orc warriors
  2 ice beasts (D:5)
  2 hornet zombies (D:14)
  2 sky beasts
  A swamp drake (Swamp:2)
  14 ogres
  4 centaurs
  24 wolves
  A boggart (D:15)
  4 lemures
  A phantom (D:4)
  3 kobold brigands
  8 bullfrogs
  A cane toad simulacrum (IceCv)
  2 gnoll sergeants
  6 water moccasin zombies (Ossuary)
  10 wights
  3 killer bees (D:8)
  5 howler monkeys
  2 bombardier beetles
  A gnoll bouda (D:4)
  17 orc priests
  3 hounds (D:5)
  A sleepcap (D:7)
  Natasha (twice) (D:2)
  4 iguanas
  40 orc wizards
  2 boggart zombies (D:14)
  2 crocodile zombies (Ossuary)
  A bullfrog simulacrum (Ossuary)
  2 mummies (Ossuary)
  Robin (D:2)
  21 gnolls
  2 adders
  A shadow imp (D:6)
  6 swamp drake simulacra (Swamp:4)
  4 adder zombies (Ossuary)
  A dart slug (D:4)
  49 orcs
  5 ball pythons
  5 bats
  6 endoplasms (D:1)
  2 giant cockroaches
  9 gnoll zombies (Ossuary)
  13 goblins
  8 hobgoblins
  3 jackals (D:2)
  4 quokkas
  4 frilled lizards
  A jackal zombie (Ossuary)
  13 kobolds
  2 orc zombies (Ossuary)
  4 rats
1232 creatures vanquished.

Vanquished Creatures (collateral kills)
  A naga sharpshooter (Snake:3)
  A salamander mystic (Snake:3)
  An arcanist (D:13)
  A naga mage (Snake:1)
  Duvessa (D:6)
  A kobold brigand (D:9)
  A burial acolyte (Ossuary)
  Dowan (D:6)
  A polar bear simulacrum (IceCv)
  2 gnolls
  A shadow imp (D:6)
  A white imp (D:6)
  An adder zombie (Ossuary)
  6 orcs
  2 kobolds (D:6)
  2 jackal zombies (Ossuary)
24 creatures vanquished.

Vanquished Creatures (others)
  2 acid blobs
  An azure jelly (Swamp:4)
  A great orb of eyes (D:15)
  A naga warrior (Snake:4)
  An orc high priest (Orc:2)
  A goliath frog (Swamp:4)
  2 glowing orange brains (Depths:1)
  A naga ritualist (Snake:4)
  A swamp dragon (Swamp:1)
  An orc sorcerer (Orc:2)
  An obsidian bat (Orc:2)
  3 ugly things
  An elephant (Lair:4)
  A guardian serpent (Snake:4)
  A tengu conjurer (Depths:3)
  4 bloated husks
  2 tyrant leeches
  15 slime creatures
  A water elemental (Depths:2)
  A yak (D:10)
  2 basilisks
  A water moccasin (Lair:2)
  2 orc warriors
  2 boggarts (D:15)
  2 ogres
  2 bullfrogs
  A scorpion (D:5)
  A wight (D:8)
  2 howler monkeys
  144 jellies
  4 orc priests
  A bombardier beetle (D:5)
  A hound (D:5)
  A sleepcap (D:6)
  An iguana (D:7)
  Natasha (D:2)
  4 orc wizards
  An adder (D:5)
  A dart slug (D:2)
  19 orcs
  7 endoplasms
  A goblin (D:4)
  A quokka (D:2)
  2 bats (D:2)
  4 kobolds
  A fulminant prism (Bailey)
251 creatures vanquished.

Grand Total: 1507 creatures vanquished

Notes
Turn   | Place    | Note
-------+----------+-------------------------------------------
     0 | D:1      | Draconius the Gargoyle Earth Elementalist began the quest
                  | for the Orb.
     0 | D:1      | Reached XP level 1. HP: 10/10 MP: 3/3
   104 | D:1      | Reached XP level 2. HP: 15/15 MP: 0/5
   581 | D:1      | Reached XP level 3. HP: 19/19 MP: 4/6
   790 | D:1      | Found a faded altar of an unknown god.
   795 | D:1      | Prayed at the altar of an unknown god.
   795 | D:1      | Became a worshipper of Jiyva Jiojuol the Shapeless
   795 | D:1      | Reached * piety under Jiyva
   800 | D:1      | Learned a level 3 spell: Stone Arrow
   824 | D:2      | Noticed Natasha
   828 | D:2      | Killed Natasha
   829 | D:2      | Reached skill level 5 in Earth Magic
   871 | D:2      | Noticed Robin
   873 | D:2      | Reached XP level 4. HP: 24/24 MP: 5/7
   890 | D:2      | Killed Robin
   946 | D:2      | Reached XP level 5. HP: 28/28 MP: 4/8
  1028 | D:2      | Found Ocriw's Distillery.
  1088 | D:2      | Noticed Natasha
  1091 | D:2      | Killed Natasha
  1172 | D:2      | Killed Natasha
  1530 | D:3      | Reached ** piety under Jiyva
  1672 | D:3      | Found a white marble altar of Elyvilon.
  1784 | D:3      | Noticed a +0 dagger
  1785 | D:3      | Found a hide-covered altar of Uskayaw.
  1785 | D:3      | Noticed a +0 dagger
  1836 | D:3      | Found a sacrificial altar of Ru.
  1964 | D:3      | Reached *** piety under Jiyva
  2130 | D:4      | Found Ofuzyawn's Assorted Antiques.
  2152 | D:4      | Noticed a lemure
  2152 | D:4      | Noticed a lemure
  2165 | D:4      | Reached skill level 1 in Fighting
  2166 | D:4      | Killed a lemure
  2167 | D:4      | Killed a lemure
  2181 | D:4      | Noticed a lemure
  2187 | D:4      | Noticed a lemure
  2216 | D:3      | Killed a lemure
  2226 | D:4      | Killed a lemure
  2280 | D:4      | Noticed Pikel
  2296 | D:4      | Killed Pikel
  2297 | D:4      | Reached skill level 2 in Fighting
  2297 | D:4      | Reached XP level 6. HP: 26/36 MP: 3/10
  2297 | D:4      | Reached XP level 7. HP: 29/40 MP: 3/11
  2314 | D:4      | Learned a level 3 spell: Call Canine Familiar
  2364 | D:4      | Found an ornate altar of the Wu Jian Council.
  2447 | D:4      | Found Isyutrelim's Armour Boutique.
  2458 | D:4      | Found an ancient bone altar of Kikubaaqudgha.
  2489 | D:4      | Noticed Edmund
  2494 | D:4      | Killed Edmund
  2554 | D:3      | Reached skill level 3 in Fighting
  2554 | D:3      | Reached XP level 8. HP: 32/46 MP: 4/12
  2620 | D:4      | Found a staircase to the Ecumenical Temple.
  2620 | D:4      | Gained mutation: Your flesh is heat resistant. (rF+)
                  | [Jiyva's grace]
  2620 | D:4      | Gained mutation: Your flesh is very heat resistant. (rF++)
                  | [Jiyva's grace]
  2620 | D:4      | Gained mutation: Your flesh is almost immune to the effects
                  | of heat. (rF+++) [Jiyva's grace]
  2620 | D:4      | Gained mutation: Your flesh is cold resistant. (rC+)
                  | [Jiyva's grace]
  2626 | Temple   | Entered the Ecumenical Temple
  2673 | D:4      | Found Obuwoeduan's Antique Armour Boutique.
  2728 | D:4      | Found Ycen's Distillery.
  2731 | D:4      | Bought a potion of heal wounds for 55 gold pieces
  2739 | D:4      | Found an iron altar of Okawaru.
  2908 | D:5      | Entered Level 5 of the Dungeon
  2958 | D:5      | Found a runed translucent door.
  2960 | D:5      | Noticed ksj2083's ghost (novice GnAl)
  3327 | D:5      | Reached skill level 5 in Conjurations
  3418 | D:5      | Reached skill level 4 in Fighting
  3622 | D:5      | Found a basalt altar of Yredelemnul.
  3624 | D:5      | Reached **** piety under Jiyva
  3906 | D:6      | Reached skill level 5 in Summonings
  3973 | D:6      | Noticed Dowan
  3974 | D:6      | Noticed Duvessa
  4000 | D:6      | Killed Duvessa
  4001 | D:6      | Reached XP level 9. HP: 52/52 MP: 6/15
  4012 | D:6      | Killed Dowan
  4126 | D:6      | Reached skill level 5 in Fighting
  4161 | D:6      | Found a sand-covered staircase.
  4171 | Ossuary  | Entered an ossuary
  4277 | Ossuary  | Reached skill level 5 in Spellcasting
  4752 | D:6      | Found a glowing golden altar of the Shining One.
  5069 | D:7      | Reached skill level 6 in Fighting
  5083 | D:7      | Found Urchemus's Distillery.
  5128 | D:7      | Found Zubluniq's Antique Weapon Boutique.
  5196 | D:7      | Noticed Maggie
  5210 | D:7      | Killed Maggie
  5228 | D:7      | Reached ***** piety under Jiyva
  5261 | D:7      | Learned a level 4 spell: Fulminant Prism
  5287 | D:7      | Lost mutation: Your flesh is almost immune to the effects
                  | of heat. (rF+++) [Jiyva's grace]
  5287 | D:7      | Gained mutation: You are strong-willed. (Will+) [Jiyva's
                  | grace]
  5287 | D:7      | Gained mutation: You are highly strong-willed. (Will++)
                  | [Jiyva's grace]
  5287 | D:7      | Gained mutation: You are extremely strong-willed. (Will+++)
                  | [Jiyva's grace]
  5287 | D:7      | Gained mutation: You have sharp toenails. [Jiyva's grace]
  5414 | D:7      | Found Ysizelivo's Book Shop.
  5687 | D:7      | Found Hynipn's Distillery.
  5809 | D:7      | Found Bobujauch's Distillery.
  6302 | D:8      | Reached skill level 1 in Polearms
  6351 | D:8      | Reached skill level 1 in Armour
  6351 | D:8      | Reached skill level 1 in Alchemy
  6492 | D:8      | Reached XP level 10. HP: 61/61 MP: 6/18
  6590 | D:8      | Found a stormy altar of Qazlal.
  6816 | D:8      | Reached skill level 7 in Fighting
  7006 | D:9      | Found a sparkling altar of Nemelex Xobeh.
  7145 | D:9      | Lost mutation: You are extremely strong-willed. (Will+++)
                  | [Jiyva's grace]
  7145 | D:9      | Gained mutation: You are robust. (+10% HP) [Jiyva's grace]
  7145 | D:9      | Gained mutation: You are very robust. (+20% HP) [Jiyva's
                  | grace]
  7145 | D:9      | Gained mutation: You are extremely robust. (+30% HP)
                  | [Jiyva's grace]
  7145 | D:9      | Gained mutation: You are agile. (Dex +4, Str/Int -1)
                  | [Jiyva's grace]
  7187 | D:9      | Reached ****** piety under Jiyva
  7196 | D:9      | Found a glowing silver altar of Zin.
  7415 | D:9      | Found a flagged portal.
  7469 | Bailey   | Entered a bailey
  7572 | Bailey   | Noticed an orc knight
  7586 | Bailey   | Killed an orc knight
  7612 | Bailey   | Reached skill level 10 in Earth Magic
  7848 | D:10     | Entered Level 10 of the Dungeon
  7848 | D:10     | Noticed Lodul
  7855 | D:9      | Reached XP level 11. HP: 87/87 MP: 15/20
  7935 | D:10     | Noticed Erolcha
  7942 | D:10     | Killed Erolcha
  8221 | D:10     | Killed Lodul
  8222 | D:10     | Reached skill level 5 in Polearms
  8338 | D:10     | Reached skill level 8 in Fighting
  8338 | D:10     | Reached skill level 1 in Shields
  8353 | D:10     | Lost mutation: You are highly strong-willed. (Will++)
                  | [Jiyva's grace]
  8353 | D:10     | Lost mutation: You are strong-willed. (Will+) [Jiyva's
                  | grace]
  8353 | D:10     | Lost mutation: You are extremely robust. (+30% HP) [Jiyva's
                  | grace]
  8353 | D:10     | Gained mutation: You expend magic power (3 MP) to
                  | strengthen your wands. [Jiyva's grace]
  8353 | D:10     | Gained mutation: You have a pair of small horns on your
                  | head. [Jiyva's grace]
  8353 | D:10     | Gained mutation: You have a pair of horns on your head.
                  | [Jiyva's grace]
  8353 | D:10     | Gained mutation: You have a pair of large horns on your
                  | head. [Jiyva's grace]
  8466 | D:10     | Noticed Snorg
  8472 | D:10     | Killed Snorg
  8510 | D:10     | Found Gentohoe's Distillery.
  8515 | D:10     | Bought a potion of haste for 130 gold pieces
  8697 | D:10     | Learned a level 3 spell: Swiftness
  8951 | D:11     | Reached skill level 1 in Air Magic
  9021 | D:11     | Found a staircase to the Lair.
  9025 | D:11     | Reached XP level 12. HP: 90/90 MP: 22/22
  9275 | Lair:1   | Entered Level 1 of the Lair of Beasts
  9341 | Lair:1   | Noticed a death yak
  9341 | Lair:1   | Noticed a death yak
  9341 | Lair:1   | Noticed a death yak
  9342 | Lair:1   | Noticed a death yak
  9342 | Lair:1   | Noticed a death yak
  9348 | Lair:1   | Killed a death yak
  9350 | Lair:1   | Noticed a death yak
  9352 | Lair:1   | Killed a death yak
  9353 | Lair:1   | Reached skill level 1 in Translocations
  9356 | Lair:1   | Killed a death yak
  9357 | Lair:1   | Killed a death yak
  9358 | Lair:1   | Killed a death yak
  9363 | Lair:1   | Reached skill level 5 in Shields
  9363 | Lair:1   | Killed a death yak
  9471 | Lair:1   | Reached skill level 9 in Fighting
  9471 | Lair:1   | Reached skill level 5 in Alchemy
  9525 | Lair:1   | Learned a level 2 spell: Blink
  9686 | Lair:1   | Reached XP level 13. HP: 96/96 MP: 13/24
 10136 | Lair:2   | Lost mutation: You have a pair of large horns on your head.
                  | [Jiyva's grace]
 10136 | Lair:2   | Lost mutation: You have sharp toenails. [Jiyva's grace]
 10136 | Lair:2   | Lost mutation: You are agile. (Dex +4, Str/Int -1) [Jiyva's
                  | grace]
 10136 | Lair:2   | Lost mutation: You are very robust. (+20% HP) [Jiyva's
                  | grace]
 10136 | Lair:2   | Lost mutation: You expend magic power (3 MP) to strengthen
                  | your wands. [Jiyva's grace]
 10136 | Lair:2   | Gained mutation: Your rubbery body absorbs attacks. (AC +1,
                  | EV +1) [Jiyva's grace]
 10136 | Lair:2   | Gained mutation: Your pliable body absorbs attacks. (AC +2,
                  | EV +2) [Jiyva's grace]
 10136 | Lair:2   | Gained mutation: Your gelatinous body deflects attacks. (AC
                  | +3, EV +3) [Jiyva's grace]
 10136 | Lair:2   | Gained mutation: You have a small jelly attached to you
                  | that senses nearby items. [Jiyva's grace]
 10278 | Lair:2   | Found a staircase to the Swamp.
 10984 | D:7      | Bought a book of Movement for 440 gold pieces
 10989 | D:7      | Learned a level 4 spell: Vhi's Electric Charge
 11454 | Lair:3   | Found a staircase to the Snake Pit.
 11521 | Lair:3   | Lost mutation: You are robust. (+10% HP) [Jiyva's grace]
 11521 | Lair:3   | Lost mutation: Your gelatinous body deflects attacks. (AC
                  | +3, EV +3) [Jiyva's grace]
 11521 | Lair:3   | Lost mutation: Your pliable body absorbs attacks. (AC +2,
                  | EV +2) [Jiyva's grace]
 11521 | Lair:3   | Lost mutation: You have a small jelly attached to you that
                  | senses nearby items. [Jiyva's grace]
 11521 | Lair:3   | Gained mutation: You have a small jelly attached to you
                  | that senses nearby items. [Jiyva's grace]
 11521 | Lair:3   | Gained mutation: Your body has grown eyes which may confuse
                  | attackers. (Acc +3) [Jiyva's grace]
 11521 | Lair:3   | Gained mutation: Your body has grown many eyes which may
                  | confuse attackers. (Acc +5) [Jiyva's grace]
 11521 | Lair:3   | Gained mutation: Your body is covered in eyes which may
                  | confuse attackers. (Acc +7, SInv) [Jiyva's grace]
 11713 | Lair:3   | Noticed Gastronok
 11728 | Lair:3   | Killed Gastronok
 11752 | Lair:3   | Reached skill level 5 in Translocations
 11863 | Lair:3   | Reached skill level 5 in Air Magic
 11908 | Lair:3   | Found a frozen archway.
 11925 | IceCv    | Entered an ice cave
 11938 | IceCv    | Reached skill level 10 in Fighting
 11966 | IceCv    | Found a transporter.
 11972 | IceCv    | Found a transporter.
 12130 | Lair:3   | Found a broken altar of Ashenzari.
 12535 | Lair:4   | Gained mutation: Your large and strong wings let you fly.
                  | [Gargoyle growth]
 12535 | Lair:4   | Reached XP level 14. HP: 71/88 MP: 25/26
 12939 | Lair:4   | Lost mutation: Your flesh is very heat resistant. (rF++)
                  | [Jiyva's grace]
 12939 | Lair:4   | Lost mutation: Your body is covered in eyes which may
                  | confuse attackers. (Acc +7, SInv) [Jiyva's grace]
 12939 | Lair:4   | Lost mutation: Your rubbery body absorbs attacks. (AC +1,
                  | EV +1) [Jiyva's grace]
 12939 | Lair:4   | Gained mutation: You expend magic power (3 MP) to
                  | strengthen your wands. [Jiyva's grace]
 12939 | Lair:4   | Gained mutation: You are covered in slimy tendrils that may
                  | disarm your opponents. [Jiyva's grace]
 12939 | Lair:4   | Gained mutation: Your body is covered in eyes which may
                  | confuse attackers. (Acc +7, SInv) [Jiyva's grace]
 12939 | Lair:4   | Gained mutation: You have a pair of large horns on your
                  | head. [Jiyva's grace]
 13058 | Lair:4   | Reached skill level 10 in Shields
 13127 | Lair:4   | Identified the amulet "Kyuj" {Regen+ Dex+4}
 13444 | Lair:5   | Entered Level 5 of the Lair of Beasts
 13503 | Lair:5   | Reached skill level 11 in Fighting
 13803 | Lair:5   | Reached XP level 15. HP: 74/95 MP: 21/27
 14153 | Lair:5   | Found the +3 pair of seven-league boots {Rampage+∞}
 14227 | Lair:5   | Found a viscous altar of Jiyva.
 14228 | Lair:5   | Found a staircase to the Slime Pits.
 14667 | Slime:1  | Entered Level 1 of the Pits of Slime
 14687 | Slime:1  | Noticed an acid blob
 14726 | Slime:1  | Noticed an azure jelly
 14753 | Slime:1  | Noticed an acid blob
 14760 | Slime:1  | Noticed an azure jelly
 15017 | D:12     | Lost mutation: You have a pair of large horns on your head.
                  | [Jiyva's grace]
 15017 | D:12     | Lost mutation: Your flesh is heat resistant. (rF+) [Jiyva's
                  | grace]
 15017 | D:12     | Lost mutation: You have a small jelly attached to you that
                  | senses nearby items. [Jiyva's grace]
 15017 | D:12     | Lost mutation: You expend magic power (3 MP) to strengthen
                  | your wands. [Jiyva's grace]
 15017 | D:12     | Gained mutation: Your spells are a little harder to cast,
                  | but a little more powerful. [Jiyva's grace]
 15017 | D:12     | Gained mutation: Your spells are harder to cast, but more
                  | powerful. [Jiyva's grace]
 15017 | D:12     | Gained mutation: Your spells are much harder to cast, but
                  | much more powerful. [Jiyva's grace]
 15017 | D:12     | Gained mutation: You are partially covered in large bone
                  | plates. (SH +4) [Jiyva's grace]
 15046 | D:12     | Noticed Frances
 15061 | D:12     | Killed Frances
 15079 | D:12     | Found a staircase to the Orcish Mines.
 15205 | D:12     | You are sucked into a shaft and drop 3 floors!
 15205 | D:15     | Entered Level 15 of the Dungeon
 15409 | D:15     | Found a staircase to the Depths.
 15625 | D:12     | Reached skill level 12 in Fighting
 15810 | D:12     | Reached skill level 5 in Armour
 15860 | D:12     | Identified the +7 short sword of Ircheod {vamp, rPois rC+
                  | Will+ SInv}
 15945 | D:12     | Paralysed by an ogre mage for 4 turns
 15947 | D:12     | Noticed a fire giant
 15961 | D:12     | Killed a fire giant
 15992 | D:12     | Identified the +5 rapier of Fabulous Expedience {elec,
                  | *Corrode rC+ Int+6}
 16039 | D:12     | Noticed a frost giant
 16052 | D:12     | Killed a frost giant
 16266 | D:12     | Found a portal to a secret trove of treasure.
 16935 | D:13     | Reached skill level 10 in Translocations
 16935 | D:13     | Reached XP level 16. HP: 95/103 MP: 29/29
 16993 | D:13     | Found a gate to the Vaults.
 17355 | D:14     | Found an ancient bone altar of Kikubaaqudgha.
 17416 | D:14     | Reached skill level 10 in Spellcasting
 17456 | D:14     | Got Tifafim's Folio of Spawned Conjury
 17633 | D:14     | Reached skill level 13 in Fighting
 17940 | D:14     | Found an opulent altar of Gozag.
 18206 | D:14     | Noticed Nessos
 18217 | D:14     | Killed Nessos
 18239 | D:14     | Lost mutation: Your flesh is cold resistant. (rC+) [Jiyva's
                  | grace]
 18239 | D:14     | Lost mutation: Your spells are much harder to cast, but
                  | much more powerful. [Jiyva's grace]
 18239 | D:14     | Lost mutation: Your body is covered in eyes which may
                  | confuse attackers. (Acc +7, SInv) [Jiyva's grace]
 18239 | D:14     | Gained mutation: Your melee attacks may engulf your foes in
                  | ooze. [Jiyva's grace]
 18239 | D:14     | Gained mutation: You are strong-willed. (Will+) [Jiyva's
                  | grace]
 18239 | D:14     | Gained mutation: You are highly strong-willed. (Will++)
                  | [Jiyva's grace]
 18239 | D:14     | Gained mutation: You are extremely strong-willed. (Will+++)
                  | [Jiyva's grace]
 18255 | D:14     | Found a shimmering blue altar of Sif Muna.
 18517 | D:15     | Found a runed translucent door.
 18564 | D:15     | Identified the +0 pearl dragon scales of Fafozay {^Drain
                  | rC++ rN+ Int+6}
 18606 | D:15     | Identified the ring of the Morning {rN+ MP+9 Str-5 SInv
                  | Stlth+}
 18711 | D:15     | Found a basalt altar of Yredelemnul.
 19167 | Slime:3  | Noticed an acid blob
 19180 | Slime:3  | Noticed an azure jelly
 19185 | Slime:4  | Noticed an azure jelly
 19198 | Slime:5  | Entered Level 5 of the Pits of Slime
 19211 | Slime:5  | Noticed an acid blob
 19213 | Slime:5  | Noticed an acid blob
 19217 | Slime:5  | Noticed an acid blob
 19219 | Slime:5  | Noticed a rockslime
 19220 | Slime:5  | Noticed a rockslime
 19231 | Slime:5  | Noticed a rockslime
 19231 | Slime:5  | Noticed a rockslime
 19232 | Slime:5  | Noticed a rockslime
 19233 | Slime:5  | Noticed an acid blob
 19242 | Slime:5  | Noticed an acid blob
 19266 | Slime:5  | Noticed the Royal Jelly
 19271 | Slime:5  | Found a viscous altar of Jiyva.
 19280 | Slime:5  | Found the +7 lajatang of Order {silver, rMut}
 19284 | Slime:5  | Got the Vademecum on Intoxication and Algor
 19287 | Slime:5  | Got the Spellbook of the Congregation
 19290 | Slime:5  | Identified the ring "Juxtonno" {^Drain rPois rCorr Int+5
                  | Stlth+}
 19304 | Slime:5  | Got a slimy rune of Zot
 19306 | Slime:5  | Got a starry gem with 260 turns to spare
 19311 | Slime:5  | Identified the ring of Pasoalosk {rPois rF++ rC+ Str-4}
 19316 | Slime:5  | Identified the staff "Vasall" {rPois rN+ Alchemy}
 19318 | Slime:5  | Identified the +8 plate armour "Dulaor" {rPois}
 19320 | Slime:5  | Identified the +3 morningstar of the Lesser Evil {freeze,
                  | rN+ Int+4}
 19364 | Slime:5  | Noticed an acid blob
 19368 | Slime:5  | Noticed an acid blob
 19403 | Slime:5  | Noticed an azure jelly
 19405 | Slime:5  | Noticed an acid blob
 19458 | Slime:5  | Noticed an acid blob
 19595 | Swamp:1  | Entered Level 1 of the Swamp
 19698 | Swamp:1  | Noticed Donald
 19720 | Lair:2   | Slimified Donald
 19720 | Lair:2   | Donald changed into Donald the acid blob
 19720 | Lair:2   | Noticed Donald
 19789 | Swamp:1  | Noticed Louise
 19828 | Lair:2   | Killed Louise
 19829 | Lair:2   | Reached XP level 17. HP: 109/109 MP: 31/31
 21292 | Swamp:3  | Lost mutation: You are extremely strong-willed. (Will+++)
                  | [Jiyva's grace]
 21292 | Swamp:3  | Lost mutation: You are highly strong-willed. (Will++)
                  | [Jiyva's grace]
 21292 | Swamp:3  | Lost mutation: Your spells are harder to cast, but more
                  | powerful. [Jiyva's grace]
 21292 | Swamp:3  | Lost mutation: Your body has grown many eyes which may
                  | confuse attackers. (Acc +5) [Jiyva's grace]
 21292 | Swamp:3  | Lost mutation: Your body has grown eyes which may confuse
                  | attackers. (Acc +3) [Jiyva's grace]
 21292 | Swamp:3  | Lost mutation: Your melee attacks may engulf your foes in
                  | ooze. [Jiyva's grace]
 21292 | Swamp:3  | Gained mutation: You expend magic power (3 MP) to
                  | strengthen your wands. [Jiyva's grace]
 21292 | Swamp:3  | Gained mutation: You have hidden genetic potential.
                  | [Jiyva's grace]
 21292 | Swamp:3  | Gained mutation: You have great hidden genetic potential.
                  | [Jiyva's grace]
 21292 | Swamp:3  | Gained mutation: Your melee attacks may engulf your foes in
                  | ooze. [Jiyva's grace]
 21609 | Swamp:4  | Entered Level 4 of the Swamp
 21788 | Swamp:4  | Got a decaying rune of Zot
 21853 | Swamp:4  | Identified the amulet of Unorang {Faith rPois rF+ Will+}
 22321 | Snake:1  | Entered Level 1 of the Snake Pit
 22524 | Snake:1  | Found a shimmering altar of Xom.
 22548 | Snake:1  | Found Amaugy's Jewellery Emporium.
 22718 | Snake:1  | Lost mutation: You have a pair of horns on your head.
                  | [Jiyva's grace]
 22718 | Snake:1  | Lost mutation: You have great hidden genetic potential.
                  | [Jiyva's grace]
 22718 | Snake:1  | Lost mutation: You are covered in slimy tendrils that may
                  | disarm your opponents. [Jiyva's grace]
 22718 | Snake:1  | Gained mutation: You have a pair of horns on your head.
                  | [Jiyva's grace]
 22718 | Snake:1  | Gained mutation: You have a pair of large horns on your
                  | head. [Jiyva's grace]
 22718 | Snake:1  | Gained mutation: You are robust. (+10% HP) [Jiyva's grace]
 22718 | Snake:1  | Gained mutation: You are very robust. (+20% HP) [Jiyva's
                  | grace]
 22747 | Snake:1  | Noticed Roxanne
 22837 | Snake:1  | Killed Roxanne
 23531 | Orc:1    | Entered Level 1 of the Orcish Mines
 23539 | D:12     | Learned a level 4 spell: Iskenderun's Mystic Blast
 23543 | D:12     | Learned a level 3 spell: Mephitic Cloud
 23847 | Orc:2    | Entered Level 2 of the Orcish Mines
 23933 | Orc:2    | Found a staircase to the Elven Halls.
 23943 | Orc:2    | Found Doitsuyr's General Store.
 24057 | Orc:2    | Found Lazaog's Antique Armour Shoppe.
 24059 | Orc:2    | Bought a scroll of blinking for 120 gold pieces
 24062 | Orc:2    | Bought an embroidered cloak for 240 gold pieces
 24163 | Orc:2    | Lost mutation: You are strong-willed. (Will+) [Jiyva's
                  | grace]
 24163 | Orc:2    | Lost mutation: You are very robust. (+20% HP) [Jiyva's
                  | grace]
 24163 | Orc:2    | Lost mutation: You are robust. (+10% HP) [Jiyva's grace]
 24163 | Orc:2    | Lost mutation: You expend magic power (3 MP) to strengthen
                  | your wands. [Jiyva's grace]
 24163 | Orc:2    | Gained mutation: You possess an exceptional clarity of
                  | mind. [Jiyva's grace]
 24163 | Orc:2    | Lost mutation: You have hidden genetic potential. [Jiyva's
                  | grace]
 24163 | Orc:2    | Gained mutation: You are somewhat resistant to further
                  | mutation. [Jiyva's grace]
 24163 | Orc:2    | Gained mutation: You are somewhat resistant to both further
                  | mutation and mutation removal. [Jiyva's grace]
 24163 | Orc:2    | Gained mutation: You are almost entirely resistant to
                  | further mutation and mutation removal. [Jiyva's grace]
 24179 | Orc:2    | Found Desk's Weapon Shoppe.
 24179 | Orc:2    | Found Hupnom's Jewellery Emporium.
 24207 | Orc:2    | Found Voill's Armour Shoppe.
 24208 | Orc:2    | Paralysed by an orc sorcerer for 2 turns
 24214 | Orc:2    | Reached XP level 18. HP: 69/116 MP: 32/32
 24231 | Orc:2    | Found Kecowk's Weapon Emporium.
 24248 | Orc:2    | Bought a +1 pair of gloves of strength for 247 gold pieces
 24909 | Snake:2  | Reached skill level 14 in Fighting
 25722 | Snake:2  | Lost mutation: You have a pair of large horns on your head.
                  | [Jiyva's grace]
 25722 | Snake:2  | Lost mutation: You have a pair of horns on your head.
                  | [Jiyva's grace]
 25722 | Snake:2  | Lost mutation: You are almost entirely resistant to further
                  | mutation and mutation removal. [Jiyva's grace]
 25722 | Snake:2  | Lost mutation: Your melee attacks may engulf your foes in
                  | ooze. [Jiyva's grace]
 25722 | Snake:2  | Gained mutation: Your spells are harder to cast, but more
                  | powerful. [Jiyva's grace]
 25722 | Snake:2  | Gained mutation: Your spells are much harder to cast, but
                  | much more powerful. [Jiyva's grace]
 25722 | Snake:2  | Gained mutation: You have large cloven feet. [Jiyva's
                  | grace]
 25722 | Snake:2  | Gained mutation: You have hoof-like feet. [Jiyva's grace]
 25982 | Snake:2  | Reached skill level 10 in Armour
 26252 | Snake:3  | Reached skill level 10 in Air Magic
 26677 | Snake:3  | Found Agucorr's Weapon Emporium.
 26679 | Snake:3  | Found Soevvoas's Antique Weapon Shoppe.
 26679 | Snake:3  | Found Urasidd's Assorted Antiques.
 26684 | Snake:3  | Found Kagijuzu's Antique Armour Shoppe.
 26687 | Snake:3  | Bought a scroll of identify for 44 gold pieces
 27481 | Snake:4  | Entered Level 4 of the Snake Pit
 27772 | Snake:4  | Lost mutation: You possess an exceptional clarity of mind.
                  | [Jiyva's grace]
 27772 | Snake:4  | Lost mutation: You are somewhat resistant to both further
                  | mutation and mutation removal. [Jiyva's grace]
 27772 | Snake:4  | Gained mutation: Your melee attacks may engulf your foes in
                  | ooze. [Jiyva's grace]
 27772 | Snake:4  | Lost mutation: You have hoof-like feet. [Jiyva's grace]
 27772 | Snake:4  | Lost mutation: You have large cloven feet. [Jiyva's grace]
 27772 | Snake:4  | Gained mutation: You have sharp toenails. [Jiyva's grace]
 27772 | Snake:4  | Gained mutation: You have razor-sharp toenails. [Jiyva's
                  | grace]
 27772 | Snake:4  | Gained mutation: You have claws for feet. [Jiyva's grace]
 27921 | Snake:4  | Found Tisayshro's Jewellery Shop.
 27923 | Snake:4  | Found Asuf's Book Shoppe.
 27924 | Snake:4  | Found Virhoso's Jewellery Shop.
 28105 | Snake:4  | Noticed Vashnia
 28109 | Snake:4  | Slimified Vashnia
 28109 | Snake:4  | Vashnia changed into Vashnia the acid blob
 28109 | Snake:4  | Noticed Vashnia
 28111 | Snake:4  | Reached XP level 19. HP: 109/122 MP: 21/33
 28143 | Snake:4  | Found an iron altar of Okawaru.
 28159 | Snake:4  | Got a serpentine rune of Zot
 28478 | Depths:1 | Entered Level 1 of the Depths
 28502 | Depths:1 | Found Ewuud's Armour Boutique.
 28607 | Depths:1 | Identified the +2 leather armour of Duck's Teeth {rF++ rC-
                  | Regen+}
 28955 | Snake:4  | Bought a ring of wizardry for 420 gold pieces
 28957 | Snake:4  | Bought the ring of Wosat {Str+2 Int+2 SInv} for 425 gold
                  | pieces
 29246 | Depths:1 | Found Fatemoap's Book Shop.
 29315 | Depths:1 | Found a gateway to Hell.
 29362 | Depths:1 | Found a one-way gateway to a ziggurat.
 29637 | Depths:1 | Found Yxkih's General Store.
 29745 | Depths:1 | Reached skill level 15 in Fighting
 29838 | Depths:1 | Found Ikaqobloc's Jewellery Shoppe.
 29993 | Depths:1 | Found a one-way gate to the infinite horrors of the Abyss.
 30103 | Depths:2 | Noticed the Enchantress
 30113 | Depths:2 | Slimified the Enchantress
 30113 | Depths:2 | the Enchantress changed into the Enchantress the acid blob
 30113 | Depths:2 | Noticed the Enchantress
 30122 | Depths:2 | Killed the Enchantress the acid blob
 30378 | Depths:2 | Found Wovyus's Mass Market.
 30419 | Depths:2 | Noticed a tentacled monstrosity
 30436 | Depths:2 | Killed a tentacled monstrosity
 30471 | Depths:2 | Lost mutation: You have claws for feet. [Jiyva's grace]
 30471 | Depths:2 | Lost mutation: You are partially covered in large bone
                  | plates. (SH +4) [Jiyva's grace]
 30471 | Depths:2 | Lost mutation: Your melee attacks may engulf your foes in
                  | ooze. [Jiyva's grace]
 30471 | Depths:2 | Gained mutation: Your rubbery body absorbs attacks. (AC +1,
                  | EV +1) [Jiyva's grace]
 30471 | Depths:2 | Gained mutation: Your pliable body absorbs attacks. (AC +2,
                  | EV +2) [Jiyva's grace]
 30471 | Depths:2 | Gained mutation: Your gelatinous body deflects attacks. (AC
                  | +3, EV +3) [Jiyva's grace]
 30471 | Depths:2 | Gained mutation: Your translucent skin slightly reduces
                  | your foes' accuracy. (Stealth+) [Jiyva's grace]
 30491 | Depths:2 | Reached skill level 10 in Polearms
 30555 | Depths:2 | Reached XP level 20. HP: 117/129 MP: 35/35
 30641 | Depths:2 | Noticed Mara
 30646 | Depths:2 | Noticed Draconius's illusion
 30651 | Depths:2 | Noticed a golden dragon
 30658 | Depths:2 | Noticed Draconius's illusion
 30691 | Depths:2 | Killed a golden dragon
 30695 | Depths:2 | Noticed Draconius's illusion
 30731 | Depths:2 | Noticed Draconius's illusion
 30732 | Depths:2 | Killed Mara
 30782 | Depths:2 | Noticed a juggernaut
 30785 | Depths:2 | Slimified a juggernaut
 30785 | Depths:2 | a juggernaut changed into an azure jelly
 30913 | Depths:2 | Found a one-way gate leading to the halls of Pandemonium.
 31453 | D:7      | Bought a book of Battle for 352 gold pieces
 31457 | D:7      | Learned a level 3 spell: Fugue of the Fallen
 31465 | D:7      | Learned a level 7 spell: Manifold Assault
 31474 | D:7      | Learned a level 6 spell: Bombard
 31884 | Depths:3 | Reached skill level 1 in Necromancy
 32277 | Depths:3 | Found Qeagax's Antique Armour Shoppe.
 32277 | Depths:3 | Found Ruruenlu's Armour Emporium.
 32281 | Depths:3 | Found Botichegh's Antique Weapon Shoppe.
 32410 | Depths:3 | Noticed a golden dragon
 32425 | Depths:3 | Killed a golden dragon
 32616 | Depths:3 | Lost mutation: You are somewhat resistant to further
                  | mutation. [Jiyva's grace]
 32616 | Depths:3 | Lost mutation: Your spells are much harder to cast, but
                  | much more powerful. [Jiyva's grace]
 32616 | Depths:3 | Lost mutation: Your spells are harder to cast, but more
                  | powerful. [Jiyva's grace]
 32616 | Depths:3 | Gained mutation: You have hidden genetic potential.
                  | [Jiyva's grace]
 32616 | Depths:3 | Gained mutation: You have great hidden genetic potential.
                  | [Jiyva's grace]
 32616 | Depths:3 | Gained mutation: You have a pair of horns on your head.
                  | [Jiyva's grace]
 32616 | Depths:3 | Gained mutation: You have a pair of large horns on your
                  | head. [Jiyva's grace]
 32624 | Depths:3 | Identified the +5 orcbow "Wutafob" {speed, rPois MP+9
                  | Stlth+}
 32854 | Depths:1 | Bought a potion of resistance for 150 gold pieces
 32926 | Depths:4 | Entered Level 4 of the Depths
 33048 | Depths:4 | Noticed a golden dragon
 33059 | Depths:4 | Killed a golden dragon
 33179 | Depths:4 | Reached skill level 15 in Translocations
 33277 | Depths:4 | Noticed a golden dragon
 33277 | Depths:4 | Identified the orb "Nusosohe" {*channel, rF- Dex+3 Hexes
                  | Earth}
 33277 | Depths:4 | Noticed Frederick
 33284 | Depths:4 | Killed a golden dragon
 33291 | Depths:4 | Killed Frederick
 33292 | Depths:4 | Reached XP level 21. HP: 102/136 MP: 9/37
 33632 | Depths:4 | Found a corrupted altar of Lugonu.
 33681 | Depths:4 | Reached skill level 16 in Fighting
 33885 | Depths:4 | Identified the +1 spear "Vixy" {freeze, rElec rN+++}
 33977 | Depths:4 | Found a gate to the Realm of Zot.
 34157 | Zot:1    | Entered Level 1 of the Realm of Zot
 34165 | Zot:1    | Reached skill level 5 in Necromancy
 34492 | Zot:1    | Identified the ring "Werobir" {Ice Will+ Str+2 Dex+3}
 34492 | Zot:1    | Noticed Josephina
 34494 | Zot:1    | Slimified Josephina
 34494 | Zot:1    | Josephina changed into Josephina the acid blob
 34494 | Zot:1    | Noticed Josephina
 34515 | Zot:1    | Noticed a golden dragon
 34520 | Zot:1    | Killed a golden dragon
 34564 | Zot:1    | HP: 1/136 [death cob (20)]
 34564 | Zot:1    | Killed from afar by a storm dragon

Illustrated notes

Levels and vault maps discovered:
D:1:      psy_arrival_spokes, layout_rooms, shapermc_ecumenical_altar_acropolis,
          minmay_tree_intersection, kennysheep_nondescript
D:2:      layout_basic, serial_shops,
          nicolae_shop_temple_entry_statues_fountains, uniq_robin, uniq_natasha
D:3:      layout_loops_cross, mainiacjoe_overflow_brackets, elyvilon_altar_3,
          dancing_weapons_uskayaw
D:4:      layout_rooms, mainiacjoe_overflow_tiny_flanked,
          kiku_gazebo_pond_becter, mainiacjoe_overflow_paths,
          minmay_temple_entry_wispy, serial_shops, nicolae_shop_hallway_stairs,
          nicolae_shop_pleasant_corner_grove,
          nicolae_shop_competitors_out_of_business, shop, uniq_pikel,
          uniq_edmund
D:5:      layout_loops_corners, mainiacjoe_overflow_surrounded_room,
          gammafunk_ghost_grave, nicolae_underground_beach
D:6:      layout_basic, lemuel_crystal_altar,
          mainiacjoe_ossuary_entry_dusty_tomb,
          serial_library_hellmonk_filled_rooms, lexackson_kobold_supper,
          uniq_duvessa
D:7:      layout_basic, serial_shops, shop, nicolae_shop_waterfront,
          nicolae_shop_tiny_glass, nicolae_shop_peninsula, kennysheep_mini,
          uniq_maggie
D:8:      layout_loops_ring, nicolae_qazlal_beasts_of_the_sky
D:9:      layout_irregular_city, lemuel_crystal_altar,
          mainiacjoe_overflow_alcove_2, enter_bailey_2
D:10:     layout_irregular_city, serial_shops,
          nicolae_shop_pleasant_corner_grove, uniq_erolcha, uniq_snorg,
          uniq_lodul
D:11:     layout_rooms, lair_entry_dummy
D:12:     layout_cross, orc_0_dummy, nicolae_trove_entry_diagonal,
          eino_small_chamber_without_monster, nicolae_rejected_hall,
          uniq_frances
D:13:     layout_roguey, grunt_vaults_entry_fortified, dreamdust_princess_bridge
D:14:     evilmike_negative_zone, layout_gridville, nicolae_gozag_seed_capital,
          lemuel_blue_sif_altar, uniq_nessos
D:15:     gammafunk_enter_depths_forms, layout_loops_cross,
          yredelemnul_altar_generic, minmay_crystal_box
Temple:   nicolae_temple_bog_church
Lair:1:   layout_concentric_octagons
Lair:2:   layout_regular_city, swamp_mist_pool, dreamdust_mushroom_princess
Lair:3:   layout_cave_pods, minmay_snake_entry_guardpost_small, basic_altar,
          portal_ice_cave_entry_animals_and_master, infiniplex_staircase_pool,
          lemuel_fruit_tree, uniq_gastronok
Lair:4:   layout_regular_city, serial_forest, infiniplex_forest_corner_1,
          infiniplex_forest_lined_room_3, infiniplex_forest_straight_3,
          infiniplex_forest_clump_large, infiniplex_forest_corner_1,
          grunt_megastairs_4, serial_bayou_shore_b, lemuel_fruit_fields,
          infiniplex_staircase_pool_2
Lair:5:   evilmike_catoblepas_cave, layout_cave_shapes, slime_entry_2,
          hellmonk_guarded_unrand_seven_league_boots, lemuel_fruit_fields
Swamp:1:  layout_basic_swamp, hangedman_swamp_ruin_wall, uniq_louise,
          uniq_donald
Swamp:2:  nicolae_swamp_flooded_prison, layout_basic_swamp,
          evilmike_swamp_ruin_house_6
Swamp:3:  layout_basic_swamp, evilmike_swamp_ruin_rubble_2
Swamp:4:  swamp_icy, layout_basic_swamp, swamp_pool_4
Snake:1:  layout_grid_maze, serial_shops, nicolae_shop_tiny_waterfront,
          basic_altar, serial_library_hellmonk_secret_room,
          nicolae_snake_salamander_jacuzzi, uniq_roxanne
Snake:2:  layout_grid_maze
Snake:3:  layout_chambers, serial_bayou_shore_a, minmay_shoptagon
Snake:4:  grunt_snake_rune_serpentine_throne, layout_rooms,
          nicolae_snake_slithery_corners, minmay_shop_grove
Slime:1:  layout_caves
Slime:2:  layout_caves, nicolae_slime_rock_hall_of_fame
Slime:3:  layout_caves
Slime:4:  cheibrodos_slime_lost_civilization_1, layout_caves
Slime:5:  slime_pit_nicolae_royal_road_to_ruin
Orc:1:    layout_caves
Orc:2:    st_orc_mages, layout_caves, guppyfry_orc_lava_fort
Depths:1: layout_honeycomb, enter_ziggurat_e, hell_entry, serial_shops, shop,
          nicolae_shop_peninsula, kennysheep_little_box, nicolae_diamond_shop,
          minmay_misc_feat_ornament, abyss_entry_small_statue_room,
          minmay_alternating_orb
Depths:2: minmay_bad_star, layout_cave_pools, minivault_11, abyss_entry,
          pf_coc_iceberg, rand_demon_pan_entry_8, minmay_shop_mass,
          uniq_enchantress, uniq_mara
Depths:3: kennysheep_scales, layout_cave_pools, abyss_entry_crystal, hell_entry,
          kennysheep_cross_room, minmay_shop_star
Depths:4: evilmike_zot_entry_basic, layout_gridlike, rand_demon_pan_entry_4,
          serial_sigils_hangedman_clutch, abyss_entry, hell_entry,
          nicolae_twisting_strands, tgw_lugonu_bribe, uniq_frederick
Zot:1:    layout_gridville, st_stairs_4, hangedman_swamp_dais,
          grunt_megastairs_1, uniq_josephina

Skill      XL: |  1  2  3  4  5  6  7  8  9 10 11 12 13 14 15 16 17 18 19 20 21 |
---------------+----------------------------------------------------------------+-----
Earth Magic    | 4 5 6 7 8 9 10 11 12 | 12.7
Conjurations   | 2 3 4 5 6 7 8 |  8.1
Fighting       | 2 3 4 6 7 8 9 10 11 12 13 14 15 16 | 16.2
Spellcasting   | 3 4 5 6 7 8 9 10 11 12 | 12.4
Summonings     | 2 3 5 6 |  6.3
Polearms       | 1 4 5 6 7 8 10 11 12 | 12.0
Armour         | 1 3 4 5 6 9 11 12 13 | 13.0
Alchemy        | 1 3 4 5 |  5.0
Shields        | 3 6 9 11 12 13 14 | 14.0
Air Magic      | 1 3 5 6 7 8 9 10 | 10.0
Translocations | 3 6 8 10 11 12 13 14 15 | 15.6
Dodging        | 2 |  2.0
Necromancy     | 4 5 |  5.0
Stealth        | |  2.1

Action                     |  1- 3 |  4- 6 |  7- 9 | 10-12 | 13-15 | 16-18 | 19-21 || total
---------------------------+-------+-------+-------+-------+-------+-------+-------++-------
  Melee: Dagger            |       |    10 |       |       |       |       |       ||    10
         Flail             |       |       |    13 |       |       |       |       ||    13
         Lance             |       |       |     5 |    99 |   279 |  2111 |  1347 ||  3841
         Kick              |       |       |     1 |    29 |       |    28 |   338 ||   396
         Headbutt          |       |       |       |     9 |    94 |   516 |   324 ||   943
   Cast: Sandblast         |    37 |    44 |    69 |    10 |       |       |       ||   160
         Stone Arrow       |       |     6 |   102 |   235 |   549 |   120 |     2 ||  1014
         Call Canine Famil |       |       |    19 |     9 |       |       |       ||    28
         Fulminant Prism   |       |       |       |     1 |       |       |       ||     1
         Swiftness         |       |       |       |       |     2 |     1 |     3 ||     6
         Vhi's Electric Ch |       |       |       |       |     1 |    42 |    69 ||   112
         Blink             |       |       |       |       |       |     1 |       ||     1
         Iskenderun's Myst |       |       |       |       |       |    26 |    70 ||    96
         Mephitic Cloud    |       |       |       |       |       |     1 |       ||     1
         Manifold Assault  |       |       |       |       |       |       |    53 ||    53
         Fugue of the Fall |       |       |       |       |       |       |     5 ||     5
 Invoke: Oozemancy         |       |     1 |       |     6 |    11 |     5 |    11 ||    34
         Slimify           |       |       |       |       |       |     4 |     5 ||     9
  Evoke: Gell's gravitambo |       |       |       |       |       |       |     2 ||     2
         Wand              |       |       |       |       |       |       |     2 ||     2
    Use: Scroll            |       |     3 |     2 |       |     5 |     7 |    12 ||    29
         Potion            |       |     2 |       |       |     2 |     2 |    10 ||    16
   Stab: Confused          |       |       |       |       |    11 |    33 |       ||    44
         Petrified         |       |       |       |       |     8 |       |       ||     8
         Sleeping          |       |       |       |       |       |     5 |       ||     5
         Distracted        |       |       |       |       |       |     3 |       ||     3
 Armour: Robe              |     5 |    31 |    60 |       |    30 |   169 |       ||   295
         Steam dragon scal |       |       |     3 |    72 |       |       |       ||    75
         Troll leather arm |       |       |       |    90 |   406 |       |       ||   496
         Pearl dragon scal |       |       |       |       |       |  1446 |   911 ||  2357
  Dodge: Dodged            |     4 |    23 |    45 |    99 |   209 |   336 |   304 ||  1020
  Block: Kite shield       |       |       |       |    58 |   424 |  1591 |   630 ||  2703
         Reflection        |       |       |       |       |       |    10 |    11 ||    21

Table legend: (Time is in decaauts)
 A = Elapsed time spent in this place.
 B = Non-inter-level travel time spent in this place.
 C = Inter-level travel time spent in this place.
 D = Time resting spent in this place.
 E = Time spent auto-exploring this place.
 F = Levels seen in this place.
 G = Mean time per level.
                   A        B        C        D        E       F      G
               +--------+--------+--------+--------+--------+-----+--------+
         Total |  34101 |  28717 |   5384 |    344 |  19123 |  44 |  775.0 |
       Dungeon |  14301 |  11792 |   2509 |     80 |   8664 |  15 |  953.4 |
        Temple |      1 |      1 |      0 |      0 |      0 |   1 |    1.0 |
          Lair |   5975 |   4354 |   1621 |     53 |   2941 |   5 | 1195.0 |
         Swamp |   2524 |   2398 |    126 |      0 |   1237 |   4 |  631.0 |
     Snake Pit |   4413 |   4153 |    260 |     34 |   2743 |   4 | 1103.2 |
    Slime Pits |    551 |    226 |    325 |      0 |    163 |   5 |  110.2 |
  Orcish Mines |   1150 |   1063 |     87 |      0 |    693 |   2 |  575.0 |
        Depths |   4390 |   3951 |    439 |    150 |   2420 |   4 | 1097.5 |
           Zot |    364 |    349 |     15 |      0 |    207 |   1 |  364.0 |
       Ossuary |    204 |    204 |      0 |      0 |     55 |   1 |  204.0 |
        Bailey |    162 |    162 |      0 |      7 |      0 |   1 |  162.0 |
      Ice Cave |     60 |     60 |      0 |     20 |      0 |   1 |   60.0 |
               +--------+--------+--------+--------+--------+-----+--------+

Top non-repeatable levels by time:
     D:7: 1460 daAuts
  Lair:5: 1309 daAuts
 Snake:3: 1302 daAuts
 Snake:2: 1283 daAuts
Depths:1: 1278 daAuts
  Lair:1: 1278 daAuts
    D:14: 1276 daAuts
    D:12: 1236 daAuts
  Lair:3: 1181 daAuts
  Lair:2: 1153 daAuts
Depths:4: 1122 daAuts
 Snake:1: 1092 daAuts
Depths:2: 1081 daAuts
     D:6: 1071 daAuts
    D:15: 1060 daAuts
